 Seeded DCSS version 0.30.1-4-g462c640d31 (webtiles) character file.

Game seed: 6351066067085065685 (custom seed)

378438 Esekla the Archmage (level 21, -2/193 HPs)
             Began as a Deep Elf Necromancer on Aug 13, 2023.
             Was the Champion of Vehumet.
             Killed by their own static electricity (4 damage)
             ... on level 4 of the Pits of Slime on Aug 14, 2023.
             The game lasted 07:53:29 (51033 turns).

Esekla the Archmage (Deep Elf Necromancer)         Turns: 51033, Time: 07:53:29

Health: -2/193     AC: 30    Str:  5    XL:     21   Next: 84%
Magic:  6/48       EV:  2    Int: 32    God:    Vehumet [******]
Gold:   1206       SH:  0    Dex: 15    Spells: 1/74 levels left

rFire   . . .        a - +8 arc blade {discharge, rElec}
rCold   . . .        i - +0 buckler
rNeg    . . .        y - melded +1 ring mail "Uronn" {rF+ Regen+ Int+3}
rPois   +            W - melded +2 helmet {Int+3}
rElec   +            M - melded +1 cloak {Stlth+}
rCorr   +            j - melded +0 pair of gloves
SInv    .            Y - melded +5 pair of boots of Sophism {rF+ rC+ Str-2 SInv}
Will    ++...        x - amulet of magic regeneration
Stlth   +++          w - ring of Broken Luck {rCorr Stlth+}
HPRegen 0.52/turn    S - ring of the Mage {Wiz Archmagi}
MPRegen 0.71/turn

%: wizardry (x1), archmagi
@: confused, tree-form, ambrosia-drunk, hasted, very quick
A: stationary, stasis, torment immunity, boosted hp, low MP 1, evolution 1, no
potion heal 1, inability to drink after injury 1
}: 2/15 runes: barnacled, gossamer
a: Renounce Religion


You were on level 4 of the Pits of Slime.
You worshipped Vehumet.
Vehumet was exalted by your worship.
You were a tree.
You visited 9 branches of the dungeon, and saw 42 of its levels.
You visited 1 bazaar.
You also visited: Trove and Bailey.

You collected 6544 gold pieces.
You spent 5338 gold pieces at shops.

Inventory:

Hand Weapons
 a - the +8 arc blade (weapon) {discharge, rElec}
   (You bought it in a shop on level 4 of the Dungeon)

   rElec:     It insulates you from electricity.
 c - a +9 long sword of protection
 f - a +6 double sword of flaming
 r - a +4 trident of venom
 s - the +8 Vampire's Tooth {megavamp}
   (You bought it in a shop in a bazaar)
Missiles
 t - 90 poisoned darts
 H - 7 curare-tipped darts
 I - 27 boomerangs (quivered)
Armour
 g - a scarf of repulsion
 i - a +0 buckler (worn)
 j - a +0 pair of gloves (melded)
 l - the +1 animal skin "Kougi" {rPois rF++ MP+9}
   (You found it on level 2 of the Shoals)

   rF:        It greatly protects you from fire.
   rPois:     It protects you from poison.
   MP:        It affects your magic capacity (+9).
 y - the +1 ring mail "Uronn" (melded) {rF+ Regen+ Int+3}
   (You found it on level 4 of the Shoals)

   Int:       It affects your intelligence (+3).
   rF:        It protects you from fire.
   Regen:     It increases your rate of health regeneration.
 K - the +1 pair of boots of Piysunuo {Str+3}
   (You found it on level 1 of the Spider Nest)

   Str:       It affects your strength (+3).
 M - a +1 cloak of stealth (melded)
 W - a +2 helmet of intelligence (melded)
 Y - the +5 pair of boots of Sophism (melded) {rF+ rC+ Str-2 SInv}
   (You acquired it on level 3 of the Lair of Beasts)

   Str:       It affects your strength (-2).
   rF:        It protects you from fire.
   rC:        It protects you from cold.
   SInv:      It lets you see invisible.
Magical Staves
 d - a staff of death
Jewellery
 h - the ring "Uhaepnya" {rPois rF+ rC- Str+2 Dex+6}
   (You acquired it on level 3 of the Lair of Beasts)

   [ring of dexterity]

   Str:       It affects your strength (+2).
   Dex:       It affects your dexterity (+6).
   rF:        It protects you from fire.
   rC:        It makes you vulnerable to cold.
   rPois:     It protects you from poison.
 o - the ring of Descent {rPois rC+ Int+5 Stlth-}
   (You found it in a treasure trove)

   [ring of protection from cold]

   Int:       It affects your intelligence (+5).
   rC:        It protects you from cold.
   rPois:     It protects you from poison.
   Stlth:     It makes you less stealthy.
 w - the ring of Broken Luck (left branch) {rCorr Stlth+}
   (You bought it in a shop on level 2 of the Dungeon)

   [ring of resist corrosion]

   rCorr:     It protects you from acid and corrosion.
   Stlth:     It makes you more stealthy.
 x - an amulet of magic regeneration (around neck)
 B - the ring of Akemeir {Fire Str+4}
   (You found it in a treasure trove)

   [ring of fire]

   It enhances your fire magic.
   Str:       It affects your strength (+4).
   rF:        It protects you from fire.
   rC:        It makes you vulnerable to cold.
 R - the ring "Pileq" {Ice Str+4 Dex+3 Slay+2}
   (You took it off a merfolk on level 4 of the Shoals)

   [ring of ice]

   It enhances your ice magic.
   Str:       It affects your strength (+4).
   Dex:       It affects your dexterity (+3).
   Slay:      It affects your accuracy & damage with ranged weapons and melee
   (+2).
   rF:        It makes you vulnerable to fire.
   rC:        It protects you from cold.
 S - the ring of the Mage (right branch) {Wiz Archmagi}
   (You bought it in a shop on level 2 of the Dungeon)

   [ring of wizardry]

   It improves your spell success rate.
   Archmagi:  It increases the power of your magical spells.
Wands
 A - a wand of flame (63)
 C - a wand of quicksilver (33)
 D - a wand of roots (48)
 F - a wand of mindburst (1)
 U - a wand of digging (21)
Scrolls
 n - 3 scrolls of blinking
 q - a scroll of enchant weapon
 u - 5 scrolls of fog
 v - 3 scrolls of silence
 E - 5 scrolls of poison
 G - a scroll of brand weapon
 J - 4 scrolls of magic mapping
 O - 5 scrolls of fear
 X - 6 scrolls of teleportation
Potions
 b - 4 potions of magic
 e - a potion of invisibility
 k - 9 potions of attraction
 m - 7 potions of flight
 p - 4 potions of might
 z - 7 potions of lignification
 L - 6 potions of ambrosia
 N - 3 potions of resistance
 P - 5 potions of curing
 Q - 3 potions of cancellation
 V - 8 potions of haste
 Z - 4 potions of brilliance
Miscellaneous
 T - a lightning rod (4/4)


   Skills:
 - Level 13.3 Fighting
 + Level 4.9(6.0) Short Blades
 + Level 4.8(5.7) Long Blades
 + Level 2.5 Throwing
 - Level 7.0 Armour
 * Level 17.4 Dodging
 + Level 7.2 Stealth
 - Level 3.2 Shields
 O Level 27 Spellcasting
 + Level 9.2 Conjurations
 + Level 15.0 Necromancy
 + Level 5.3 Translocations
 + Level 8.5 Transmutations
 + Level 8.5 Fire Magic
 + Level 9.8 Ice Magic
 + Level 11.7 Air Magic
 * Level 7.3 Earth Magic
 + Level 12.0 Poison Magic
 + Level 1.5 Evocations


You had one spell level left.
You knew the following spells:

 Your Spells              Type           Power      Damage    Failure   Level
a - Magic Dart            Conj           100%       1d8       0%          1
c - Mephitic Cloud        Conj/Pois/Air  100%       N/A       1%          3
d - Vampiric Draining     Necr           100%       2d13      0%          3
e - Conjure Ball Lightni  Conj/Air       52%        3x3d18    1%          6
f - Fireball              Conj/Fire      50%        3d20      1%          5
h - Vhi's Electric Charg  Tloc/Air       100%       N/A       1%          3
i - Irradiate             Conj/Tmut      50%        3d28      1%          5
k - Airstrike             Air            54%        2d(8-24)  1%          4
l - Lee's Rapid Deconstr  Erth           47%        3d22*     1%          5
m - Maxwell's Capacitive  Air            54%        ∞         6%          8
n - Ignite Poison         Fire/Tmut/Pois 100%       N/A       1%          3
r - Frozen Ramparts       Ice            100%       1d16      1%          3
t - Teleport Other        Tloc           86%        N/A       1%          3
u - Dispel Undead         Necr           100%       3d31      0%          4
v - Poisonous Vapours     Pois/Air       100%       N/A       0%          2
w - Wereblood             Tmut           98%        N/A       1%          2
x - Olgreb's Toxic Radia  Pois           100%       N/A       1%          4
y - Sticky Flame          Conj/Fire      100%       2d11      1%          4
z - Freezing Cloud        Conj/Ice/Air   52%        6-21      1%          5

Your spell library contained the following spells:

 Spells                   Type           Power      Damage    Failure   Level
 Polar Vortex             Ice            51%        N/A       77%         9
 Fire Storm               Conj/Fire      50%        8d13      87%         9
 Shatter                  Erth           47%        3d36*     96%         9
 Necrotise                Necr           100%       1d9       0%          1
 Shock                    Conj/Air       100%       1d9       0%          1
 Apportation              Tloc           100%       N/A       1%          1
 Foxfire                  Conj/Fire      100%       2x1d9     1%          1
 Sandblast                Erth           100%       2d20      1%          1
 Summon Small Mammal      Summ           100%       N/A       1%          1
 Cigotuvi's Dreadful Rot  Necr/Pois/Air  100%       N/A       0%          2
 Sublimation of Blood     Necr           100%       N/A       0%          2
 Swiftness                Air            100%       N/A       0%          3
 Animate Dead             Necr           100%       N/A       0%          4
 Call Imp                 Summ           100%       N/A       1%          2
 Lesser Beckoning         Tloc           100%       N/A       1%          2
 Momentum Strike          Conj/Tloc      100%       3d10      1%          2
 Passwall                 Tmut/Erth      80%        N/A       1%          2
 Gell's Gravitas          Tloc           86%        N/A       1%          3
 Hailstorm                Conj/Ice       100%       3d20      1%          3
 Inner Flame              Hex/Fire       82%        N/A       1%          3
 Portal Projectile        Hex/Tloc       100%       N/A       1%          3
 Spider Form              Tmut/Pois      100%       N/A       1%          3
 Stone Arrow              Conj/Erth      100%       3d13      1%          3
 Tukima's Dance           Hex            59%        N/A       1%          3
 Anguish                  Hex/Necr       47%        N/A       1%          4
 Animate Armour           Summ/Erth      100%       N/A       1%          4
 Flame Wave               Conj/Fire      100%       2d21      1%          4
 Ice Form                 Ice/Tmut       100%       N/A       1%          4
 Manifold Assault         Tloc           86%        N/A       1%          4
 Passage of Golubria      Tloc           86%        N/A       1%          4
 Summon Ice Beast         Ice/Summ       84%        N/A       1%          4
 Summon Lightning Spire   Summ/Air       88%        N/A       1%          4
 Agony                    Necr           100%       N/A       1%          5
 Arcjolt                  Conj/Air       52%        1d62      1%          5
 Silence                  Hex/Air        44%        N/A       1%          5
 Yara's Violent Unravell  Hex/Tmut       40%        3d16      1%          5
 Death Channel            Necr           59%        N/A       1%          6
 Iron Shot                Conj/Erth      48%        9d9       1%          6
 Plasma Beam              Fire/Air       52%        2x1d73    1%          6
 Starburst                Conj/Fire      50%        6d14      1%          6
 Ozocubu's Refrigeration  Ice            51%        4d18      1%          7
 Orb of Destruction       Conj           50%        9d13      2%          7
 Cause Fear               Hex            29%        N/A       3%          4
 Dispersal                Tloc           43%        N/A       6%          6
 Dragon Form              Tmut           49%        N/A       10%         7
 Summon Mana Viper        Hex/Summ       59%        N/A       11%         5
 Spellforged Servitor     Conj/Summ      41%        N/A       13%         7
 Ignition                 Fire           49%        3d14      19%         8
 Lehudib's Crystal Spear  Conj/Erth      48%        10d12     21%         8
 Chain Lightning          Conj/Air       52%        3d70      71%         9
 Disjunction              Tloc           43%        N/A       93%         8
 Enfeeble                 Hex            29%        N/A       95%         7
 Summon Hydra             Summ           29%        N/A       95%         7
 Dragon's Call            Summ           29%        N/A       100%        9


Dungeon Overview and Level Annotations

Branches:
Dungeon (14/15)            Temple (0/1) D:6            Lair (5/5) D:11
 Shoals (4/4) Lair:2       Spider (4/4) Lair:3        Slime (5/5) Lair:5
    Orc (2/2) D:10            Elf (1/3) Orc:2        Vaults (4/5) D:13
  Crypt (3/3) Vaults:2       Tomb (0/3) Crypt:3      Bailey (visited)

Altars:
Dithmenos
Fedhas
Hepliaklqana
Nemelex Xobeh
Okawaru
Qazlal
Ru
Trog
Uskayaw
Vehumet
Zin
The Shining One
Jiyva
Lugonu

Shops:
D:2 =   D:4 (   D:11 *   Orc:2 **[:   Shoals:2 (   Shoals:3 !   Vaults:1 [
Vaults:4 ?

Portals:
Abyss: Slime:1
Pandemonium: Orc:2

Annotations:
D:7 quasit
Crypt:2 3 runed translucent doors, Hynnuzim's ghost, veteran CeHu; Nyubb's ghost, veteran MiGl


Innate Abilities, Weirdness & Mutations

You are a tree.
Your roots penetrate the ground, keeping you stationary.
You cannot be teleported.
You are immune to unholy pain and torment.
Your maximum health is greatly increased.
Your equipment is partially melded.
Your magical capacity is low. (-10% MP)
You have hidden genetic potential.
Potions are less effective at restoring your health.
You occasionally lose the ability to drink potions when taking damage.


Message History

Unknown command.
Really quaff the potion of lignification?
You turn into a tree.
Your +1 cloak of stealth melds into your body.
Your +2 helmet of intelligence melds into your body.
Your +0 pair of gloves melds into your body.
The +5 pair of boots of Sophism {rF+ rC+ Str-2 SInv} melds into your body.
The +1 ring mail "Uronn" {rF+ Regen+ Int+3} melds into your body.
You feel less stealthy.
You feel stupid.
Your roots penetrate the ground.
The quicksilver ooze hits you. x2
* * * LOW HITPOINT WARNING * * *
You feel your power leaking away. The quicksilver ooze hits you.
The quicksilver ooze hits you but does no damage.
You are confused.
Your system partially rejects the healing.
You feel invigorated.
You are no longer corroded.
You barely miss the quicksilver ooze.
The quicksilver ooze is heavily wounded.
The quicksilver ooze hits you. The quicksilver ooze barely misses you.
The quicksilver ooze hits you!
* * * LOW HITPOINT WARNING * * *
The quicksilver ooze hits you but does no damage.
You're too confused to cast spells.
Okay, then.
You're too confused to cast spells.
Unknown command.
You puncture the quicksilver ooze!
The arc blade crackles.
The quicksilver ooze is struck by an arc of lightning!
The quicksilver ooze is almost dead.
You resist.
You are struck by an arc of lightning.
* * * LOW HITPOINT WARNING * * *
The quicksilver ooze is struck by an arc of lightning!
You kill the quicksilver ooze!
Vehumet accepts your kill. The ooze engulfing you falls away. You resist.
You are struck by an arc of lightning.
You die...

##..#.....#.###...
##............#.#.#
##.#...............#
#...................
##.................#
#..............#.###
##......#.....##.##
##.......#........#
#..♣..........##.##
#.................#
##...............##
##...............#
#.....<.........##
##......##.....##
#.....####...##
#....## #...##
##.### ##.##


There were no monsters in sight!

Vanquished Creatures
  A dread lich (Crypt:3)
  Mara (Spider:4)
  An ancient lich (Crypt:3)
  Mennas (Vaults:3)
  A curse toe (Crypt:3)
  A golden dragon (Vaults:4)
  A bone dragon (Crypt:3)
  Rupert (Lair:4)
  2 liches (Crypt:3)
  A quicksilver dragon (Vaults:4)
  6 ancient champions
  2 krakens
  5 sphinxes
  14 acid blobs
  Ilsuiw (Shoals:3)
  2 shadow dragons (Vaults:4)
  2 iron dragons (Vaults:4)
  A rockslime (Slime:3)
  12 azure jellies
  2 frost giants (Vaults:4)
  9 emperor scorpions
  2 ghouls
  3 curse skulls
  A deep elf sorcerer (Elf:1)
  3 ghost moths
  12 vault wardens
  3 orc warlords
  11 very ugly things
  13 ironbound thunderhulks
  9 ironbound preservers
  2 reapers
  4 war gargoyles (Vaults:2)
  A broodmother (Spider:3)
  8 quicksilver oozes
  7 vampire knights
  A deep elf demonologist (Elf:1)
  Azrael (Orc:2)
  7 dire elephants
  A spark wasp (shapeshifter) (Vaults:4)
  2 deep elf annihilators (Elf:1)
  A minotaur (Shoals:4)
  2 spark wasps
  A crystal guardian (Vaults:4)
  5 eidola
  4 merfolk impalers
  4 fire dragons
  3 deep elf death magi
  An ettin (Vaults:4)
  11 great orbs of eyes
  3 deep elf high priests
  7 yaktaur captains
  3 merfolk javelineers (Shoals:3)
  3 jiangshi (Crypt:3)
  5 entropy weavers
  3 hydras
  3 peacekeepers
  Harold (D:9)
  11 vault guards
  15 ironbound frosthearts
  A demonspawn (Orc:2)
  4 merfolk aquamancers
  4 merfolk avatars
  2 death knights (Crypt:1)
  A radroach (shapeshifter) (Elf:1)
  3 radroaches
  15 satyrs
  4 centaur warriors
  A catoblepas (Lair:5)
  3 jorogumos
  An alligator snapping turtle (Shoals:3)
  4 dancing weapons (Elf:1)
  4 boulder beetles
  4 two-headed ogres
  4 vampire magi
  A titan zombie (Crypt:2)
  2 orc high priests (Orc:2)
  A soul eater (Crypt:1)
  2 pharaoh ants
  A shadow wraith (Crypt:2)
  16 skeletal warriors
  A sun moth (Lair:3)
  Lodul (D:11)
  2 flayed ghosts
  12 sea snakes
  4 skysharks
  10 orb spiders
  A deep elf archer (Elf:1)
  3 glowing orange brains
  2 golden dragon skeletons
  4 bog bodies
  Pikel (D:6)
  An iron giant skeleton (Crypt:3)
  A swamp dragon (Lair:5)
  26 deep trolls
  8 phantasmal warriors
  An anaconda skeleton (Crypt:2)
  17 ironbound convokers
  3 steelbarb worms
  6 lindwurms
  A bunyip skeleton (Crypt:2)
  A tengu zombie (Vaults:4)
  An oklob plant (Lair:5)
  8 wizards
  26 harpies
  A wolf spider zombie (Crypt:1)
  9 necromancers
  7 deep elf zephyrmancers (Elf:1)
  22 ugly things
  8 wolf spiders
  4 shining eyes
  A tengu skeleton (Vaults:4)
  11 orc knights
  10 deep elf pyromancers
  10 cyclopes
  10 orc sorcerers
  3 moths of wrath
  Joseph (D:7)
  A stone giant zombie (Vaults:4)
  24 manticores
  24 fauns
  An eleionoma skeleton (Crypt:2)
  5 merfolk sirens
  2 black mambas
  7 water nymphs
  9 elephants (Lair:5)
  A black mamba (shapeshifter) (D:13)
  2 human skeletons (Vaults:4)
  2 eyes of devastation
  7 torpor snails
  A smoke demon (Orc:2)
  25 vault sentinels
  2 gargoyles
  3 demonic crawlers
  11 cane toads
  A centaur skeleton (Crypt:2)
  A red draconian zombie (Crypt:3)
  Psyche (D:11)
  4 human zombies (Vaults:4)
  A grey draconian zombie (Crypt:3)
  3 rime drakes
  An unseen horror (D:13)
  6 freezing wraiths
  3 kobold demonologists
  A catoblepas zombie (Crypt:2)
  16 komodo dragons
  39 yaktaurs
  4 guardian mummies (Crypt:3)
  An alligator snapping turtle skeleton (Crypt:2)
  An efreet (D:14)
  A red devil (Orc:2)
  3 tengu conjurers
  A harpy zombie (Crypt:1)
  A white draconian skeleton (Crypt:3)
  28 merfolk
  A polar bear (D:11)
  7 trolls
  A death drake zombie (Crypt:2)
  3 tyrant leeches (Lair:5)
  9 tarantellas
  3 wind drakes
  2 harpy skeletons (Crypt:1)
  5 blink frogs (Lair:1)
  10 hornets
  11 jumping spiders
  80 slime creatures
  8 snapping turtles
  12 spriggans (Lair:3)
  6 flying skulls
  4 centaur simulacra (D:11)
  An air elemental (Elf:1)
  2 vampires
  7 culicivoras
  5 water elementals
  33 yaks
  9 wraiths
  5 basilisks
  A chaos spawn (Orc:2)
  2 golden eyes (Slime:3)
  3 fire elementals (Orc:2)
  3 steam dragons
  5 wyverns
  A vampire mosquito (D:13)
  29 redbacks
  A wind drake skeleton (Crypt:3)
  Menkaure (D:7)
  3 wargs
  3 acid dragons
  An entropy weaver zombie (Crypt:3)
  6 ice beasts
  14 water moccasins
  4 hell hounds (Orc:2)
  A naga skeleton (Crypt:3)
  2 swamp drakes (Lair:5)
  A sky beast (D:6)
  43 orc warriors
  2 black bears
  A merfolk simulacrum (Crypt:1)
  18 ogres
  An elephant zombie (Crypt:1)
  2 centaurs
  3 boggarts (Lair:3)
  12 wolves
  A lindwurm skeleton (Crypt:3)
  A phantom (D:7)
  Blork the orc (D:6)
  6 kobold brigands
  A draconian zombie (Crypt:2)
  3 necrophages (Crypt:1)
  An earth elemental (Elf:1)
  4 gnoll sergeants
  10 bullfrogs
  3 scorpions
  10 wights
  A wyvern skeleton (Crypt:3)
  A yak zombie (Crypt:2)
  21 killer bees
  A polar bear skeleton (Crypt:2)
  2 howler monkeys (D:10)
  An electric eel (D:11)
  A quasit (D:7)
  3 gnoll boudas
  6 hounds
  A jelly (D:6)
  Crazy Yiuf (D:7)
  32 orc priests
  A sleepcap (D:5)
  7 iguanas
  12 hell rats
  14 orc wizards
  An acid dragon zombie (Crypt:1)
  2 ogre skeletons
  34 gnolls
  9 adders
  3 shadow imps (D:8)
  9 white imps
  4 ufetubi
  An iguana skeleton (Crypt:1)
  A worm (D:4)
  3 dart slugs
  93 orcs
  6 ball pythons
  2 bat zombies
  4 endoplasms
  9 goblins
  7 hobgoblins
  A quokka (D:1)
  3 training dummies (Shoals:2)
  4 bats
  4 frilled lizards
  A jackal zombie (Crypt:3)
  24 kobolds
  A rat (D:2)
  A lurking horror (Slime:1)
1564 creatures vanquished.

Vanquished Creatures (collateral kills)
  A hornet (Lair:5)
  2 ball lightnings
3 creatures vanquished.

Vanquished Creatures (others)
  An orc high priest (Orc:2)
  A harpy (Shoals:2)
  A hornet (Lair:5)
  2 orcs (D:8)
  44 ball lightnings
  8 tentacles
57 creatures vanquished.

Grand Total: 1624 creatures vanquished

Notes
Turn   | Place    | Note
-------+----------+-------------------------------------------
     0 | D:1      | Esekla the Deep Elf Necromancer began the quest for the
                  | Orb.
     0 | D:1      | Reached XP level 1. HP: 10/10 MP: 6/6
   134 | D:1      | Reached skill level 5 in Necromancy
   393 | D:4      | Found an iron altar of Okawaru.
   406 | D:4      | Found a glowing silver altar of Zin.
   480 | D:4      | Found a radiant altar of Vehumet.
   489 | D:4      | Found a glowing golden altar of the Shining One.
   503 | D:4      | Became a worshipper of Vehumet
   593 | D:3      | Reached XP level 2. HP: 12/15 MP: 8/8
   671 | D:3      | Identified the +5 rapier of the Hero {heavy, rN+ Dex+3}
   692 | D:2      | Found Renulab's Jewellery Shop.
  1084 | D:3      | Found a stormy altar of Qazlal.
  1103 | D:3      | Reached XP level 3. HP: 19/19 MP: 9/9
  1107 | D:3      | Learned a level 3 spell: Vampiric Draining
  1142 | D:3      | Found a hazy altar of Hepliaklqana.
  1144 | D:3      | Found a bloodstained altar of Trog.
  1152 | D:3      | Reached skill level 1 in Short Blades
  1221 | D:3      | Reached XP level 4. HP: 24/24 MP: 11/11
  1844 | D:1      | Reached * piety under Vehumet
  1844 | D:1      | Offered knowledge of Magic Dart by Vehumet.
  1847 | D:1      | Learned a level 1 spell: Magic Dart
  1889 | D:2      | Noticed a black bear
  1899 | D:2      | Killed a black bear
  1900 | D:2      | Reached skill level 1 in Conjurations
  1900 | D:2      | Reached XP level 5. HP: 9/28 MP: 5/12
  2017 | D:2      | Found a faded altar of an unknown god.
  2425 | D:4      | Reached skill level 4 in Spellcasting
  2427 | D:4      | Reached XP level 6. HP: 31/32 MP: 14/14
  2871 | D:5      | Entered Level 5 of the Dungeon
  2879 | D:5      | Got the Parchment of the Lumpy Olives
  2896 | D:5      | Found a shadowy altar of Dithmenos.
  2927 | D:5      | Reached ** piety under Vehumet
  2927 | D:5      | Offered knowledge of Momentum Strike by Vehumet.
  2932 | D:5      | Learned a level 2 spell: Momentum Strike
  2936 | D:5      | Learned a level 3 spell: Teleport Other
  3059 | D:4      | Found Ponaysk's Antique Weapon Boutique.
  3439 | D:5      | Reached XP level 7. HP: 31/36 MP: 9/16
  3660 | D:5      | Reached skill level 5 in Spellcasting
  3683 | D:5      | Reached skill level 1 in Translocations
  4013 | D:6      | Found a staircase to the Ecumenical Temple.
  4020 | D:6      | Noticed Pikel
  4136 | D:6      | Reached skill level 5 in Dodging
  4136 | D:6      | Reached skill level 6 in Spellcasting
  4136 | D:6      | Reached XP level 8. HP: 34/41 MP: 10/19
  4185 | D:7      | Found a runed translucent door.
  4186 | D:7      | Noticed Crazy Yiuf
  4195 | D:7      | Killed Crazy Yiuf
  4323 | D:6      | Noticed Blork the orc
  4483 | D:6      | Found a blossoming altar of Fedhas.
  4667 | D:6      | Killed Pikel
  4668 | D:6      | Reached skill level 7 in Spellcasting
  4863 | D:6      | Offered knowledge of Frozen Ramparts by Vehumet.
  4868 | D:6      | Learned a level 3 spell: Frozen Ramparts
  4984 | D:6      | Killed Blork the orc
  5123 | D:7      | Reached XP level 9. HP: 45/45 MP: 22/22
  5308 | D:6      | Reached skill level 8 in Spellcasting
  5420 | D:7      | Reached *** piety under Vehumet
  5444 | D:7      | Noticed Menkaure
  5448 | D:8      | Noticed a two-headed ogre
  5627 | D:7      | Reached skill level 1 in Throwing
  5627 | D:7      | Reached skill level 1 in Ice Magic
  5819 | D:7      | Noticed Joseph
  6182 | D:7      | Killed Joseph
  6183 | D:7      | Reached skill level 1 in Shields
  6183 | D:7      | Reached skill level 9 in Spellcasting
  6265 | D:7      | Killed Menkaure
  6474 | D:8      | Offered knowledge of Olgreb's Toxic Radiance by Vehumet.
  6481 | D:8      | Learned a level 4 spell: Olgreb's Toxic Radiance
  6586 | D:8      | Found a hide-covered altar of Uskayaw.
  6708 | D:7      | Reached skill level 1 in Long Blades
  6885 | D:8      | Reached **** piety under Vehumet
  6889 | D:8      | Reached skill level 10 in Spellcasting
  7144 | D:8      | Offered knowledge of Flame Wave by Vehumet.
  7152 | D:8      | Learned a level 4 spell: Flame Wave
  7241 | D:8      | Found a transporter.
  7268 | D:8      | Found a transporter.
  7269 | D:8      | Found a transporter.
  7270 | D:8      | Found a transporter.
  7535 | D:7      | Killed a two-headed ogre
  7536 | D:7      | Reached skill level 1 in Poison Magic
  7536 | D:7      | Reached XP level 10. HP: 30/50 MP: 24/26
  7723 | D:9      | Noticed a two-headed ogre
  7853 | D:9      | Found a flagged portal.
  7878 | Bailey   | Entered a bailey
  8093 | Bailey   | Identified the +2 bardiche of Puhoisos {heavy, rElec
                  | Stlth+}
  8270 | Bailey   | Noticed an orc knight
  8270 | Bailey   | Noticed an orc knight
  8312 | Bailey   | Killed an orc knight
  8313 | Bailey   | Reached skill level 11 in Spellcasting
  8466 | Bailey   | Killed an orc knight
  8603 | D:9      | Reached skill level 1 in Fighting
  8609 | D:9      | Reached skill level 10 in Necromancy
  8734 | D:9      | Noticed a sun demon
  8851 | D:9      | Found a sparkling altar of Nemelex Xobeh.
  8929 | D:9      | Killed a two-headed ogre
  9003 | D:9      | Noticed Harold
  9017 | D:9      | Killed Harold
  9018 | D:9      | Reached skill level 5 in Stealth
  9018 | D:9      | Reached XP level 11. HP: 39/58 MP: 25/28
  9519 | D:9      | Reached skill level 12 in Spellcasting
  9673 | D:10     | Entered Level 10 of the Dungeon
  9697 | D:10     | Reached ***** piety under Vehumet
  9699 | D:10     | Offered knowledge of Iron Shot by Vehumet.
  9713 | D:10     | Learned a level 6 spell: Iron Shot
  9932 | D:10     | Found a sacrificial altar of Ru.
 10077 | D:10     | Reached skill level 5 in Poison Magic
 10360 | D:11     | Reached skill level 1 in Fire Magic
 10430 | D:11     | Reached skill level 5 in Translocations
 10454 | D:11     | Found a staircase to the Lair.
 10574 | D:11     | Reached skill level 13 in Spellcasting
 10838 | D:10     | Found a staircase to the Orcish Mines.
 10864 | Orc:1    | Entered Level 1 of the Orcish Mines
 10867 | Orc:1    | Noticed an orc knight
 10884 | D:10     | Killed an orc knight
 11319 | D:2      | Bought the ring of the Mage {Wiz Archmagi} for 714 gold
                  | pieces
 11319 | D:2      | Found the ring of the Mage {Wiz Archmagi}
 11833 | D:11     | Got Simple Magic
 11886 | D:11     | Noticed Lodul
 11909 | D:11     | Killed Lodul
 11931 | D:11     | Reached XP level 12. HP: 59/66 MP: 31/31
 11953 | D:11     | Reached skill level 14 in Spellcasting
 12011 | D:11     | Found Fagafuf's Pet Rocks.
 12041 | D:11     | Reached skill level 1 in Armour
 12096 | D:12     | Learned a level 2 spell: Wereblood
 12349 | D:11     | You fall into a shaft and drop 3 floors!
 12743 | D:13     | Noticed a two-headed ogre
 12748 | D:13     | Killed a two-headed ogre
 12749 | D:13     | Reached skill level 15 in Spellcasting
 12901 | D:13     | Reached skill level 5 in Fighting
 12911 | D:13     | Noticed a centaur warrior
 12920 | D:13     | Killed a centaur warrior
 12990 | D:13     | Noticed a centaur warrior
 13002 | D:13     | Killed a centaur warrior
 13306 | D:12     | Learned a level 5 spell: Fireball
 13342 | D:12     | Reached skill level 5 in Ice Magic
 13384 | D:12     | Reached skill level 16 in Spellcasting
 13526 | D:11     | Reached skill level 5 in Conjurations
 13662 | D:12     | Learned a level 3 spell: Mephitic Cloud
 13668 | D:12     | Learned a level 5 spell: Freezing Cloud
 13674 | D:12     | Learned a level 2 spell: Poisonous Vapours
 13699 | D:12     | Found a portal to a secret trove of treasure.
 14163 | D:11     | Noticed Psyche
 14165 | D:11     | Noticed a two-headed ogre
 14169 | D:11     | Killed Psyche
 14175 | D:11     | Killed a two-headed ogre
 14176 | D:11     | Reached skill level 1 in Air Magic
 14363 | Lair:1   | Entered Level 1 of the Lair of Beasts
 14526 | Lair:1   | Reached XP level 13. HP: 74/74 MP: 35/35
 14874 | Lair:1   | Reached skill level 10 in Dodging
 14874 | Lair:1   | Reached skill level 1 in Transmutations
 15481 | Lair:2   | Reached ****** piety under Vehumet
 15632 | Lair:2   | Offered knowledge of Sticky Flame by Vehumet.
 15638 | Lair:2   | Learned a level 4 spell: Sticky Flame
 15763 | Lair:2   | Found a transporter.
 15763 | Lair:2   | Found a transporter.
 16007 | Lair:2   | Found a staircase to the Shoals.
 16377 | Lair:3   | Found a hole to the Spider Nest.
 16473 | Lair:3   | Identified the +3 leather armour of Okawaru's Inspiration
                  | {Str+4}
 16763 | Lair:3   | Reached skill level 17 in Spellcasting
 17474 | Lair:4   | Noticed Rupert
 17495 | Lair:4   | Killed Rupert
 17658 | Lair:4   | Learned a level 3 spell: Ignite Poison
 18127 | Lair:5   | Entered Level 5 of the Lair of Beasts
 18133 | Lair:5   | Reached XP level 14. HP: 82/82 MP: 37/37
 18367 | Lair:5   | Found a runed translucent door.
 18374 | Lair:5   | Offered knowledge of Conjure Ball Lightning by Vehumet.
 18618 | Lair:5   | Found a viscous altar of Jiyva.
 18618 | Lair:5   | Found a staircase to the Slime Pits.
 19165 | Lair:5   | Reached skill level 18 in Spellcasting
 19213 | Lair:5   | Learned a level 6 spell: Conjure Ball Lightning
 19499 | Lair:5   | Reached skill level 5 in Fire Magic
 19618 | Lair:5   | Got Utragud's Papyrus of the Inquisitive Olives
 20177 | Orc:2    | Entered Level 2 of the Orcish Mines
 20400 | Orc:1    | Noticed an orc warlord
 20409 | Orc:1    | Killed an orc warlord
 21055 | D:4      | Bought the +8 arc blade {discharge, rElec} for 1740 gold
                  | pieces
 21055 | D:4      | Found the +8 arc blade {discharge, rElec}
 21396 | Orc:2    | Offered knowledge of Lee's Rapid Deconstruction by Vehumet.
 21397 | Orc:2    | Found Roezostra's General Store.
 21420 | Orc:2    | Found Bamnuus's General Store.
 21486 | Orc:2    | Noticed an orc warlord
 21495 | Orc:2    | Killed an orc warlord
 21496 | Orc:2    | Reached skill level 19 in Spellcasting
 21510 | Orc:2    | Found a staircase to the Elven Halls.
 21911 | Orc:2    | Reached skill level 5 in Air Magic
 21911 | Orc:2    | Reached XP level 15. HP: 90/90 MP: 40/40
 21981 | Orc:2    | Noticed Azrael
 22083 | Orc:2    | Killed Azrael
 22336 | Orc:2    | Reached skill level 5 in Transmutations
 22336 | Orc:2    | Reached skill level 1 in Evocations
 22393 | Orc:2    | Found Huzal's Antique Armour Boutique.
 22393 | Orc:2    | Found Jyohez's Book Shop.
 22394 | Orc:2    | Found a one-way gate leading to the halls of Pandemonium.
 22506 | Orc:2    | Bought a runed helmet for 270 gold pieces
 22871 | Orc:2    | Bought a scroll of identify for 34 gold pieces
 22871 | Orc:2    | Bought a potion of curing for 51 gold pieces
 23012 | Trove    | Entered a treasure trove
 23021 | Trove    | Identified the ring of Akemeir {Fire Str+4}
 23032 | Trove    | Identified the ring of Descent {rPois rC+ Int+5 Stlth-}
 23044 | Trove    | Identified the +3 ring mail "Poady" {+Inv rF+ Dex+2 Slay-4}
 23187 | Spider:1 | Entered Level 1 of the Spider Nest
 23205 | Spider:1 | Identified the +1 pair of boots of Piysunuo {Str+3}
 23599 | Spider:1 | Reached skill level 1 in Earth Magic
 23872 | Lair:3   | Learned a level 5 spell: Lee's Rapid Deconstruction
 24110 | D:2      | Bought a ring of see invisible for 210 gold pieces
 24392 | Lair:3   | Acquired the +5 pair of boots of Sophism {rF+ rC+ Str-2
                  | SInv}
 24406 | Lair:3   | Acquired 775 gold pieces
 24415 | Lair:3   | Acquired the ring "Uhaepnya" {rPois rF+ rC- Str+2 Dex+6}
 24659 | Orc:2    | Bought a scroll of enchant armour for 112 gold pieces
 24887 | Spider:2 | Reached skill level 20 in Spellcasting
 25276 | Spider:2 | You fall into a shaft and drop 1 floor!
 25356 | Spider:3 | Noticed an emperor scorpion
 25450 | Spider:4 | Entered Level 4 of the Spider Nest
 25450 | Spider:4 | Noticed Mara
 25871 | Spider:3 | Killed an emperor scorpion
 26102 | Spider:3 | Noticed an emperor scorpion
 26114 | Spider:3 | Killed an emperor scorpion
 26893 | Spider:4 | Noticed Esekla's illusion
 26914 | Spider:4 | Killed Mara
 26915 | Spider:4 | Reached skill level 10 in Fighting
 26975 | Spider:4 | Reached XP level 16. HP: 97/97 MP: 36/42
 27204 | Spider:4 | HP: 3/88 [pharaoh ant (21)]
 27476 | Spider:4 | Reached skill level 21 in Spellcasting
 28229 | Spider:4 | Got a gossamer rune of Zot
 28444 | Shoals:1 | Entered Level 1 of the Shoals
 28567 | Shoals:1 | You fall into a shaft and drop 1 floor!
 28790 | Shoals:1 | Reached skill level 22 in Spellcasting
 29418 | Shoals:2 | Found Biskeott's Firing Range.
 29824 | Shoals:2 | Reached XP level 17. HP: 104/104 MP: 39/45
 30243 | Shoals:2 | Identified the +1 animal skin "Kougi" {rPois rF++ MP+9}
 30335 | Shoals:3 | Noticed a kraken
 30351 | Shoals:3 | Killed a kraken
 30461 | Shoals:3 | Noticed Ilsuiw
 30469 | Shoals:3 | Killed Ilsuiw
 30469 | Shoals:3 | Offered knowledge of Orb of Destruction by Vehumet.
 30487 | Shoals:3 | Learned a level 7 spell: Orb of Destruction
 30648 | Shoals:3 | Found Zemonaik's Distillery.
 31102 | Shoals:4 | Entered Level 4 of the Shoals
 31200 | Shoals:4 | Reached skill level 23 in Spellcasting
 31368 | Shoals:4 | Reached skill level 10 in Poison Magic
 31368 | Shoals:4 | Offered knowledge of Irradiate by Vehumet.
 31374 | Shoals:4 | Noticed a kraken
 31384 | Shoals:4 | Got Cuuv Rytt's Atlas of Hot Beguiling
 31390 | Shoals:4 | Got a barnacled rune of Zot
 31535 | Shoals:4 | Identified the +1 ring mail "Uronn" {rF+ Regen+ Int+3}
 31578 | Shoals:4 | Killed a kraken
 31787 | Shoals:4 | Identified the ring "Pileq" {Ice Str+4 Dex+3 Slay+2}
 32242 | D:13     | Found a gate to the Vaults.
 32381 | D:13     | Reached XP level 18. HP: 104/112 MP: 44/47
 32607 | Vaults:1 | Entered Level 1 of the Vaults
 32643 | Vaults:1 | Reached skill level 24 in Spellcasting
 32661 | Vaults:1 | Identified the +9 arbalest of Xom's Indignation {penet,
                  | Dex+4 Stlth+}
 32696 | Vaults:1 | Learned a level 5 spell: Irradiate
 33007 | Vaults:1 | Found Emogyl Osee's Armour Boutique.
 33366 | Vaults:1 | Offered knowledge of Ozocubu's Refrigeration by Vehumet.
 33628 | Shoals:4 | Learned a level 7 spell: Ozocubu's Refrigeration
 34406 | Vaults:2 | Found a flickering gateway to a bazaar.
 34438 | Bazaar   | Entered a bazaar
 34456 | Bazaar   | Found Huts's Armour Emporium.
 34456 | Bazaar   | Found Fuoqy's Distillery.
 34477 | Bazaar   | Found Luehida's Magic Scroll Shoppe.
 34500 | Bazaar   | Found Subykus's Antique Weapon Emporium.
 34500 | Bazaar   | Found Zefiutze's Weapon Shoppe.
 34521 | Bazaar   | Found Gopir's Armour Shoppe.
 34575 | Bazaar   | Bought a glowing long sword for 175 gold pieces
 34581 | Bazaar   | Bought the +8 Vampire's Tooth {megavamp} for 540 gold
                  | pieces
 34581 | Bazaar   | Found the +8 Vampire's Tooth {megavamp}
 34607 | Bazaar   | Bought a potion of curing for 21 gold pieces
 34607 | Bazaar   | Bought a potion of haste for 70 gold pieces
 34607 | Bazaar   | Bought a potion of mutation for 56 gold pieces
 34621 | Bazaar   | Bought a scroll of blinking for 82 gold pieces
 34621 | Bazaar   | Bought a scroll of magic mapping for 82 gold pieces
 34635 | Bazaar   | Bought a +1 cloak of stealth for 181 gold pieces
 34819 | Vaults:2 | Found a staircase to the Crypt.
 35579 | Vaults:2 | Reached skill level 10 in Air Magic
 35590 | Vaults:2 | Reached skill level 15 in Dodging
 35590 | Vaults:2 | Reached XP level 19. HP: 50/113 MP: 44/49
 35949 | Shoals:3 | Bought a potion of heal wounds for 75 gold pieces
 35949 | Shoals:3 | Bought a potion of heal wounds for 75 gold pieces
 35949 | Shoals:3 | Bought 2 potions of heal wounds for 150 gold pieces
 36420 | Vaults:2 | Reached skill level 25 in Spellcasting
 36846 | Vaults:3 | Reached skill level 5 in Armour
 37141 | Vaults:3 | Noticed Mennas
 37169 | Vaults:3 | Killed Mennas
 38319 | Vaults:4 | Learned a level 4 spell: Dispel Undead
 38474 | Vaults:4 | Offered knowledge of Fire Storm by Vehumet.
 38474 | Vaults:4 | Offered knowledge of Shatter by Vehumet.
 38474 | Vaults:4 | Offered knowledge of Polar Vortex by Vehumet.
 38544 | Vaults:4 | Found a huge runed gate.
 38544 | Vaults:4 | Found a huge runed gate.
 38544 | Vaults:4 | Found a huge runed gate.
 38544 | Vaults:4 | Found a huge runed gate.
 38544 | Vaults:4 | Found a huge runed gate.
 38544 | Vaults:4 | Found a huge runed gate.
 38545 | Vaults:4 | Found a huge runed gate.
 38545 | Vaults:4 | Found a huge runed gate.
 38545 | Vaults:4 | Found a huge runed gate.
 38722 | Vaults:4 | Reached skill level 26 in Spellcasting
 39291 | Vaults:4 | Reached XP level 20. HP: 124/124 MP: 37/52
 39475 | Vaults:4 | Found Gint's Magic Scroll Shop.
 39496 | Vaults:4 | Bought a scroll of brand weapon for 199 gold pieces
 39496 | Vaults:4 | Bought a scroll of amnesia for 84 gold pieces
 39828 | Vaults:4 | Found a huge runed gate.
 39828 | Vaults:4 | Found a huge runed gate.
 39828 | Vaults:4 | Found a huge runed gate.
 39828 | Vaults:4 | Found a huge runed gate.
 39828 | Vaults:4 | Found a huge runed gate.
 39828 | Vaults:4 | Found a huge runed gate.
 39829 | Vaults:4 | Found a huge runed gate.
 39863 | Vaults:4 | Found a huge runed gate.
 39863 | Vaults:4 | Found a huge runed gate.
 39875 | Vaults:4 | Found a huge runed gate.
 39883 | Vaults:4 | Found a huge runed gate.
 39883 | Vaults:4 | Found a huge runed gate.
 39883 | Vaults:4 | Found a huge runed gate.
 39883 | Vaults:4 | Found a huge runed gate.
 39883 | Vaults:4 | Found a huge runed gate.
 39883 | Vaults:4 | Found a huge runed gate.
 39884 | Vaults:4 | Found a huge runed gate.
 39885 | Vaults:4 | Found a huge runed gate.
 39886 | Vaults:4 | Found a huge runed gate.
 39894 | Vaults:4 | Found a huge runed gate.
 39894 | Vaults:4 | Found a huge runed gate.
 39894 | Vaults:4 | Found a huge runed gate.
 39894 | Vaults:4 | Found a huge runed gate.
 39894 | Vaults:4 | Found a huge runed gate.
 39896 | Vaults:4 | Found a huge runed gate.
 39897 | Vaults:4 | Found a huge runed gate.
 39898 | Vaults:4 | Found a huge runed gate.
 39925 | Vaults:4 | Noticed a golden dragon
 40558 | Vaults:4 | Killed a golden dragon
 40689 | Vaults:4 | Got the Octavo of Execration and Ceraunoscopy
 40794 | Crypt:1  | Entered Level 1 of the Crypt
 42795 | Crypt:1  | Learned a level 8 spell: Maxwell's Capacitive Coupling
 42844 | Crypt:2  | Found a runed translucent gate.
 42845 | Crypt:2  | Found a runed translucent gate.
 42845 | Crypt:2  | Found a runed translucent gate.
 42848 | Crypt:2  | Noticed Nyubb's ghost (veteran MiGl)
 42848 | Crypt:2  | Noticed Nyubb's ghost (veteran MiGl)
 42848 | Crypt:2  | Noticed Hynnuzim's ghost (veteran CeHu)
 42910 | Crypt:2  | Reached skill level 27 in Spellcasting
 43439 | Crypt:3  | Entered Level 3 of the Crypt
 43499 | Crypt:3  | Identified the +5 mace of Fedhas's Displeasure {flame,
                  | rElec rC+ Int+3}
 43660 | Crypt:3  | Learned a level 4 spell: Airstrike
 44089 | Crypt:3  | Noticed a curse toe
 44089 | Crypt:3  | Noticed a bone dragon
 44223 | Crypt:3  | Killed a bone dragon
 44229 | Crypt:3  | HP: 3/120 [ancient champion/+3 heavy great mace (15)]
 44467 | Crypt:3  | Found a staircase to the Tomb.
 44633 | Crypt:3  | Learned a level 3 spell: Vhi's Electric Charge
 44648 | Crypt:3  | Killed a curse toe
 44649 | Crypt:3  | Reached XP level 21. HP: 128/129 MP: 46/54
 44726 | Crypt:3  | Noticed a dread lich
 44726 | Crypt:3  | Noticed an ancient lich
 45165 | Crypt:3  | Killed a dread lich
 45305 | Crypt:3  | Killed an ancient lich
 45306 | Crypt:3  | Reached skill level 5 in Earth Magic
 45316 | Crypt:3  | Got the Handbook of Vapourous Creation
 45838 | Elf:1    | Entered Level 1 of the Elven Halls
 45988 | Elf:1    | Paralysed by an air elemental for 1 turns
 45992 | Elf:1    | Paralysed by an air elemental for 1 turns
 45996 | Elf:1    | Paralysed by an air elemental for 1 turns
 46000 | Elf:1    | Paralysed by an air elemental for 1 turns
 46897 | D:2      | Bought the ring of Broken Luck {rCorr Stlth+} for 417 gold
                  | pieces
 47194 | Slime:1  | Entered Level 1 of the Pits of Slime
 47352 | Slime:1  | Gained mutation: You have hidden genetic defects. [a
                  | shining eye]
 47454 | Spider:1 | Lost mutation: You have hidden genetic defects. [potion of
                  | mutation]
 47454 | Spider:1 | Gained mutation: You expend magic power (3 MP) to
                  | strengthen your wands. [potion of mutation]
 47454 | Spider:1 | Gained mutation: Armour fits poorly on your strangely
                  | shaped body. [potion of mutation]
 47454 | Spider:1 | Gained mutation: You have supernaturally acute eyesight.
                  | (SInv) [potion of mutation]
 47491 | Spider:2 | Lost mutation: You expend magic power (3 MP) to strengthen
                  | your wands. [potion of mutation]
 47491 | Spider:2 | Lost mutation: You have supernaturally acute eyesight.
                  | (SInv) [potion of mutation]
 47491 | Spider:2 | Lost mutation: Armour fits poorly on your strangely shaped
                  | body. [potion of mutation]
 47491 | Spider:2 | Gained mutation: Your system is resistant to poisons.
                  | (rPois) [potion of mutation]
 47491 | Spider:2 | Gained mutation: You are weak. (Str -2) [potion of
                  | mutation]
 47491 | Spider:2 | Lost mutation: Your system is resistant to poisons. (rPois)
                  | [potion of mutation]
 47491 | Spider:2 | Gained mutation: You are covered in fur. (AC +1) [potion of
                  | mutation]
 47514 | Spider:4 | Lost mutation: You are weak. (Str -2) [potion of mutation]
 47514 | Spider:4 | Lost mutation: You are covered in fur. (AC +1) [potion of
                  | mutation]
 47514 | Spider:4 | Gained mutation: You expend magic power (3 MP) to
                  | strengthen your wands. [potion of mutation]
 47514 | Spider:4 | Gained mutation: You are vulnerable to heat. (rF-) [potion
                  | of mutation]
 47514 | Spider:4 | Gained mutation: You occasionally lose the ability to read
                  | scrolls when taking damage. [potion of mutation]
 47514 | Spider:4 | Gained mutation: You are agile. (Dex +4, Str/Int -1)
                  | [potion of mutation]
 47652 | Shoals:2 | Lost mutation: You occasionally lose the ability to read
                  | scrolls when taking damage. [potion of mutation]
 47652 | Shoals:2 | Lost mutation: You expend magic power (3 MP) to strengthen
                  | your wands. [potion of mutation]
 47652 | Shoals:2 | Gained mutation: You are resistant to electric shocks.
                  | (rElec) [potion of mutation]
 47817 | Slime:1  | Found a one-way gate to the infinite horrors of the Abyss.
 47825 | Slime:1  | Found a corrupted altar of Lugonu.
 48412 | D:12     | Lost mutation: You are vulnerable to heat. (rF-) [potion of
                  | mutation]
 48412 | D:12     | Lost mutation: You are resistant to electric shocks.
                  | (rElec) [potion of mutation]
 48412 | D:12     | Lost mutation: You are agile. (Dex +4, Str/Int -1) [potion
                  | of mutation]
 48412 | D:12     | Gained mutation: You are strong-willed. (Will+) [potion of
                  | mutation]
 48412 | D:12     | Gained mutation: You are partially covered in iridescent
                  | scales. (AC +2) [potion of mutation]
 49251 | Slime:3  | Gained mutation: Your spells are a little easier to cast,
                  | but a little less powerful. [a shining eye]
 49253 | Slime:3  | Gained mutation: You are somewhat resistant to further
                  | mutation. [a shining eye]
 49760 | D:12     | Lost mutation: Your spells are a little easier to cast, but
                  | a little less powerful. [potion of mutation]
 49760 | D:12     | Lost mutation: You are somewhat resistant to further
                  | mutation. [potion of mutation]
 49760 | D:12     | Gained mutation: You are clumsy. (Dex -2) [potion of
                  | mutation]
 49760 | D:12     | Gained mutation: Your magical capacity is low. (-10% MP)
                  | [potion of mutation]
 49760 | D:12     | Gained mutation: You have large cloven feet. [potion of
                  | mutation]
 50006 | Slime:3  | Gained mutation: You occasionally lose the ability to drink
                  | potions when taking damage. [a shining eye]
 50331 | D:12     | Lost mutation: Your magical capacity is low. (-10% MP)
                  | [potion of mutation]
 50331 | D:12     | Lost mutation: You are strong-willed. (Will+) [potion of
                  | mutation]
 50331 | D:12     | Lost mutation: You have large cloven feet. [potion of
                  | mutation]
 50432 | Vaults:2 | Lost mutation: You are clumsy. (Dex -2) [potion of
                  | mutation]
 50432 | Vaults:2 | Lost mutation: You are partially covered in iridescent
                  | scales. (AC +2) [potion of mutation]
 50432 | Vaults:2 | Gained mutation: Your magical capacity is low. (-10% MP)
                  | [potion of mutation]
 50432 | Vaults:2 | Gained mutation: You have hidden genetic potential. [potion
                  | of mutation]
 50860 | Slime:5  | Entered Level 5 of the Pits of Slime
 51017 | Slime:5  | Reached skill level 15 in Necromancy
 51024 | Slime:5  | Gained mutation: Potions are less effective at restoring
                  | your health. [a shining eye]
 51032 | Slime:4  | HP: 6/193 [quicksilver ooze (11)]
 51033 | Slime:4  | HP: 2/193 [/static electricity (4)]
 51033 | Slime:4  | Killed from afar by themself

Illustrated notes

Levels and vault maps discovered:
D:1:      sevenhm_arrival_forest_fort_small_3, layout_rooms,
          chequers_serial_rivers_room_b, minmay_misc_feat_five
D:2:      layout_loops_ring, dreamdust_ecumenical_altar_angels_and_demons,
          serial_shops, shop
D:3:      layout_basic, grunt_temple_overflow_open, minmay_misc_feat_iff
D:4:      layout_basic, nicolae_overflow_quartered_altars, serial_shops,
          nicolae_diamond_shop
D:5:      layout_loops_ring, lemuel_doored_altar, minmay_misc_feat_rows,
          dreamdust_wishing_well
D:6:      layout_loops_cross, fedhas_altar_fruit_tree,
          minmay_temple_entry_glass, uniq_pikel, uniq_blork_the_orc
D:7:      layout_basic, uniq_menkaure, uniq_joseph, uniq_crazy_yiuf_cottage
D:8:      layout_basic, nicolae_uskayaw_dance_hall, serial_demonic,
          serial_demonic_d, serial_demonic_a, serial_demonic_c,
          serial_demonic_c, nicolae_diode_quadrants
D:9:      layout_irregular_city, kennysheep_little_box, enter_bailey_4,
          minmay_between, uniq_harold
D:10:     layout_basic, nicolae_ru_awakened_eye
D:11:     layout_rooms, hellmonk_lair_entry_icy, serial_ice, serial_ice_j,
          serial_ice_m, serial_ice_o, serial_ice_c, serial_ice_g, serial_ice_f,
          guppyfry_shop_earth, uniq_psyche, uniq_lodul
D:12:     layout_roguey, nicolae_trove_entry_crossroad
D:13:     layout_loops_ring, lightli_vaults_fourway_checkpoint
D:14:     nzn_winding_woodlands_large [nzn_winding_woodlands_5x5_checkerboard,
          nzn_winding_woodlands_5x15_longhouse,
          nzn_winding_woodlands_5x5_default,
          nzn_winding_woodlands_center_garden,
          nzn_winding_woodlands_15x15_five_gardens,
          nzn_winding_woodlands_center_lodge, nzn_winding_woodlands_5x5_default,
          nzn_winding_woodlands_5x15_crooked, nzn_winding_woodlands_5x5_three],
          layout_loops_corners
Lair:1:   layout_small_grid
Lair:2:   gammafunk_boulding_lane, layout_small_grid, elwin_shoals_entry_rooms
Lair:3:   kb_forest_paths, layout_chaotic_city, spider_nest_entry_rubble
Lair:4:   layout_hall_layers, grunt_megastairs_3, lemuel_fruit_fields,
          uniq_rupert
Lair:5:   guppyfry_lair_end_dragon, layout_misc_corridors, wormcave,
          dpeg_slime_entry_enclosed
Shoals:1: layout_shoals, nicolae_shoals_nautilus_by_nature
Shoals:2: argonaut_golden_fleece, layout_shoals, nicolae_shop_firing_range
Shoals:3: layout_shoals, serial_shops, shop, nicolae_shoals_lost_giant_hut,
          uniq_ilsuiw
Shoals:4: shoals_end_hellmonk_lost_city, serial_shops
Spider:1: layout_spider_delve, nicolae_spider_some_kinda_spiderbox
Spider:2: layout_spider_delve, nicolae_spider_twisty_arc_passages
Spider:3: layout_chambers, nicolae_orb_stairs
Spider:4: grunt_spider_rune_circles, guppyfry_hornet_nest, uniq_mara
Slime:1:  layout_caves, amcnicky_altar_lugonu_corruption
Slime:2:  layout_caves
Slime:3:  layout_caves, special_room [special_room_jelly]
Slime:4:  layout_caves
Slime:5:  uniq_dissolution
Orc:1:    layout_caves
Orc:2:    pf_orc_diabolical, layout_diamond_mine, uniq_azrael
Elf:1:    minmay_elf_arrival_plus, layout_loops_cross,
          kennysheep_underground_church
Vaults:1: vaults_dpeg_emergency_exit, nicolae_vaults_ellipses_ellipsis,
          nicolae_vaults_variable_pillar_hall, v_misc_22, v_misc_33,
          nicolae_vaults_closet_pinwheel_3, v_alt_pattern_4, v_alt_pattern_4,
          nicolae_vaults_tetromino_Z_2, nicolae_vaults_taking_the_gang_shopping,
          nicolae_vaults_spaceships, v_misc_33, nicolae_vaults_shelves_hall,
          nicolae_vaults_trapezoid_lopsided_1, nicolae_vaults_little_ls,
          layout_vaults_ring
Vaults:2: ontoclasm_vaults_bender, nicolae_vaults_storage_closets_1, v_misc_9,
          vaults_room_pools, nicolae_vaults_more_shelving_2, v_misc_14,
          vaults_standard_mumra_lines, hangedman_vaults_stream,
          nicolae_vaults_windows_and_doors_thing,
          minmay_crypt_entry_simple_corners, nicolae_vaults_stand_back,
          vaults_dpeg_diagonal, nicolae_vaults_little_squares_5,
          layout_vaults_omnibox, serial_shops, bzr_entry_gold
Vaults:3: nicolae_vaults_three_branches, v_misc_15, vaults_standard_mumra_x,
          v_misc_13, ontoclasm_vaults_loading_screen, nicolae_vaults_tangram_1,
          nicolae_vaults_display_case, vaults_room_ringed_pool,
          nicolae_vaults_octothorpe, vaults_mumra_minichess,
          nicolae_vaults_variable_pillar_hall, v_alt_pattern_6,
          nicolae_vaults_tetromino_L_1, nicolae_vaults_trapezoid_3,
          layout_vaults_big_room, uniq_mennas
Vaults:4: nicolae_vaults_network_periphery, nicolae_vaults_angled_halls,
          ontoclasm_vaults_twist, door_vault, nicolae_vaults_more_shelving_1,
          nicolae_vaults_yaktaur_gun_rack, hangedman_vaults_slither, v_rooms_1,
          ontoclasm_vaults_claustrophobia, nicolae_vaults_trapezoid_lopsided_1,
          grunt_vaults_focal, hangedman_vaults_slice, layout_vaults_omnicross,
          serial_shops, shop
Crypt:1:  layout_rooms, grunt_ministairs_11, st_small_mortuary
Crypt:2:  layout_chaotic_city, gammafunk_ghost_cemetery
Crypt:3:  david_glass_crypt, layout_misc_corridors, tomb_entry_simple_bobbens,
          glass_columns_a

Skill      XL: |  1  2  3  4  5  6  7  8  9 10 11 12 13 14 15 16 17 18 19 20 21 |
---------------+----------------------------------------------------------------+-----
Necromancy     | 5 6 7 8 9 10 11 12 13 15 | 15.0
Dodging        | 3 4 5 7 8 9 10 11 12 13 14 15 16 17 | 17.4
Short Blades   | 1 2 3 4 |  4.9
Stealth        | 3 4 5 6 7 |  7.2
Conjurations   | 1 2 3 4 5 6 7 8 9 |  9.2
Spellcasting   | 4 6 7 10 11 13 16 17 19 20 22 23 24 26 27 | 27.0
Translocations | 1 2 3 4 5 |  5.3
Throwing       | 1 2 |  2.5
Ice Magic      | 2 3 4 5 6 7 9 |  9.8
Shields        | 1 2 3 |  3.2
Long Blades    | 1 2 3 4 |  4.8
Poison Magic   | 1 4 5 6 7 8 9 10 11 12 | 12.0
Fighting       | 2 4 5 7 9 10 11 12 13 | 13.3
Fire Magic     | 1 2 4 5 6 7 8 |  8.5
Armour         | 2 4 6 7 |  7.0
Air Magic      | 1 3 5 6 8 9 10 11 | 11.7
Transmutations | 3 4 5 6 7 8 |  8.5
Evocations     | 1 |  1.5
Earth Magic    | 2 4 7 |  7.3

Action                     |  1- 3 |  4- 6 |  7- 9 | 10-12 | 13-15 | 16-18 | 19-21 || total
---------------------------+-------+-------+-------+-------+-------+-------+-------++-------
  Melee: Short sword       |    34 |       |       |       |       |       |       ||    34
         Unarmed           |     9 |       |       |       |       |       |       ||     9
         Rapier            |    18 |   101 |   101 |    25 |    86 |   144 |   124 ||   599
         Punch             |       |     1 |     1 |       |       |       |       ||     2
         Scimitar          |       |       |    71 |   129 |    93 |       |       ||   293
         Long sword        |       |       |       |       |       |       |   218 ||   218
         Quick blade       |       |       |       |       |       |       |    11 ||    11
  Throw: Dart              |       |     4 |    34 |    17 |     8 |       |       ||    63
         Boomerang         |       |       |       |       |     8 |    10 |    31 ||    49
   Cast: Vampiric Draining |       |    32 |    65 |    68 |    61 |    72 |   160 ||   458
         Teleport Other    |       |       |    18 |     1 |       |       |       ||    19
         Magic Dart        |       |       |     6 |     3 |       |       |     1 ||    10
         Frozen Ramparts   |       |       |     9 |    26 |    40 |    44 |    17 ||   136
         Olgreb's Toxic Ra |       |       |     5 |    72 |    63 |    51 |    34 ||   225
         Flame Wave        |       |       |     1 |    32 |       |       |       ||    33
         Fireball          |       |       |       |     6 |     5 |       |       ||    11
         Freezing Cloud    |       |       |       |     4 |    64 |    28 |    23 ||   119
         Wereblood         |       |       |       |     2 |    34 |    33 |    40 ||   109
         Mephitic Cloud    |       |       |       |     1 |    13 |     3 |    32 ||    49
         Sticky Flame      |       |       |       |       |    21 |    63 |   127 ||   211
         Ignite Poison     |       |       |       |       |    96 |   169 |   114 ||   379
         Poisonous Vapours |       |       |       |       |   133 |   227 |   117 ||   477
         Conjure Ball Ligh |       |       |       |       |     9 |     9 |     3 ||    21
         Lee's Rapid Decon |       |       |       |       |     1 |       |       ||     1
         Irradiate         |       |       |       |       |       |     3 |    47 ||    50
         Orb of Destructio |       |       |       |       |       |     1 |       ||     1
         Dispel Undead     |       |       |       |       |       |       |   128 ||   128
         Ozocubu's Refrige |       |       |       |       |       |       |     2 ||     2
         Vhi's Electric Ch |       |       |       |       |       |       |     1 ||     1
  Evoke: Wand              |       |       |    11 |    10 |     8 |       |     2 ||    31
    Use: Scroll            |     1 |     1 |     8 |    12 |    18 |    10 |    19 ||    69
         Potion            |       |       |     8 |     6 |     3 |     7 |    25 ||    49
   Stab: Sleeping          |     8 |     9 |     7 |    13 |    14 |     8 |    15 ||    74
         Distracted        |       |       |     1 |       |       |     2 |     3 ||     6
         Confused          |       |       |       |       |     2 |       |       ||     2
 Armour: Robe              |    18 |    27 |    70 |    20 |       |       |       ||   135
         Steam dragon scal |       |       |       |    32 |       |       |       ||    32
         Troll leather arm |       |       |       |    14 |   105 |   174 |       ||   293
         Ring mail         |       |       |       |       |       |    39 |   429 ||   468
         Skin              |       |       |       |       |       |       |     5 ||     5
  Dodge: Dodged            |    37 |    99 |   246 |   243 |   208 |   456 |   542 ||  1831
         Repelled          |       |       |       |       |       |     4 |       ||     4
  Block: Buckler           |       |       |       |    77 |    76 |   143 |   186 ||   482
